 Dungeon Crawl Stone Soup version 0.28.0-53-g5a82cb258f (webtiles) character file.

Game seed: 8067706819644050004

87 gobodom the Stinger (level 4, 0/30 HPs)
             Began as a Demonspawn Venom Mage on June 8, 2022.
             Killed from afar by an orc wizard (5 damage)
             ... with a magic dart
             ... on level 3 of the Dungeon.
             The game lasted 00:16:00 (3281 turns).

gobodom the Stinger (Demonspawn Venom Mage)         Turns: 3281, Time: 00:16:02

Health: 0/30       AC:  3    Str: 11    XL:     4   Next: 28%
Magic:  5/8        EV: 12    Int: 16    God:
Gold:   66         SH:  0    Dex: 13    Spells: 3/8 levels left

rFire   . . .      SeeInvis .   b - +0 dagger
rCold   . . .      Faith    .   (no shield)
rNeg    . . .      Spirit   .   a - +0 robe
rPois   .          Reflect  .   (no helmet)
rElec   .          Harm     .   (no cloak)
rCorr   .          Rampage  .   (no gloves)
Will    .....                   g - +0 pair of boots
Stlth   ++........              (no amulet)
HPRegen 0.10/turn               h - ring of wizardry
MPRegen 0.11/turn               (no ring)

@: no status effects
A: powered by pain 1, demonic touch 2
a: no special abilities


You were on level 3 of the Dungeon.
You visited 1 branch of the dungeon, and saw 3 of its levels.

You collected 66 gold pieces.

Inventory:

Hand Weapons
 b - a +0 dagger (weapon)
Armour
 a - a +0 robe (worn)
 g - a +0 pair of boots (worn)
 i - a +2 ring mail of positive energy
Jewellery
 h - a ring of wizardry (left hand)
Scrolls
 c - a scroll of identify {unknown}
 f - a scroll of enchant armour {unknown}
 j - a scroll of fear {unknown}
Potions
 d - a potion of curing {unknown}
 k - a potion of berserk rage {unknown}


   Skills:
 + Level 0.4 Short Blades
 + Level 2.0 Dodging
 + Level 2.3 Stealth
 + Level 2.6 Spellcasting
 + Level 1.4 Transmutations
 + Level 3.9 Poison Magic


You had 3 spell levels left.
You knew the following spells:

 Your Spells              Type           Power      Damage    Failure   Level
a - Sting                 Tmut/Pois      40%        1d5       2%          1
b - Poisonous Vapours     Pois/Air       16%        N/A       5%          2
c - Blink                 Tloc           4%         N/A       12%         2

Your spell library contained the following spells:

 Spells                   Type           Power      Damage    Failure   Level
 Mephitic Cloud           Conj/Pois/Air  6%         N/A       14%         3
 Lesser Beckoning         Tloc           2%         N/A       22%         3
 Olgreb's Toxic Radiance  Pois           14%        N/A       16%         4
 Manifold Assault         Tloc           2%         N/A       88%         5


Dungeon Overview and Level Annotations

Branches:
Dungeon (3/15)

Altars:

Shops:
D:1 *


Innate Abilities, Weirdness & Mutations

You sometimes gain a little power by taking damage.
Your touch may inflict irresistible damage on your foes.


Message History

You focus on the pain.
You feel very mighty all of a sudden.
As you read the scroll of teleportation, it crumbles to dust.
You feel strangely unstable.
The orc wizard hits you but does no damage.
Your surroundings suddenly seem different.
Found a scroll labelled WUSODDALAF.
You start resting.
You feel a little less mighty now.
You start resting.
Magic restored.
You start resting.
An orc wizard is nearby!
Casting: Sting (safe; 2% risk of failure)
Confirm with . or Enter, or press ? or * to list all spells.
Aiming: Sting (safe; 2% risk of failure)
Press: ? - help, Shift-Dir - straight line, f - orc wizard
Aim: an orc wizard, wielding a +0 dagger and wearing a +0 robe (moderately wounded, wandering, hasn't noticed you, 64% to hit)
The sting hits the orc wizard.
The orc wizard is poisoned.
The orc wizard is heavily wounded.
The orc wizard shouts!
Casting: Sting (safe; 2% risk of failure)
Confirm with . or Enter, or press ? or * to list all spells.
Aiming: Sting (safe; 2% risk of failure)
Press: ? - help, Shift-Dir - straight line, f/p - orc wizard
Aim: an orc wizard, wielding a +0 dagger and wearing a +0 robe (heavily wounded, poisoned, 64% to hit)
The sting misses the orc wizard.
The orc wizard misses you.
You hit the orc wizard but do no damage.
Your touch misses the orc wizard.
The orc wizard is heavily wounded.
The orc wizard hits you with a +0 dagger.
* * * LOW HITPOINT WARNING * * *
Casting: Sting (safe; 2% risk of failure)
Confirm with . or Enter, or press ? or * to list all spells.
Aiming: Sting (safe; 2% risk of failure)
Press: ? - help, Shift-Dir - straight line, f/p - orc wizard
Aim: an orc wizard, wielding a +0 dagger and wearing a +0 robe (heavily wounded, poisoned, 64% to hit)
The sting misses the orc wizard.
The orc wizard gestures at you while chanting.
The magic dart hits you.
You die...

#.# #.# . .# #
#.# ..# .. ##
#.#####o..####.#
# .###....).o...
.?.#.# #......)#
...#.####
##...##.#
#.......#
#.##.##.#
#o......#
.....##o######
#@#
...>...o.....#
#.#
...#.#.......#
#.#
.†...........#
#..
....##.#>....#
#...
.#.....#.....#
##.#.
.##.##########
.#.. .##.# .# .#
.# # .. .


You could see an orc wizard (poisoned).

Vanquished Creatures
  An orc wizard (D:3)
  An adder (D:2)
  A worm (D:2)
  A dart slug (D:1)
  An orc (D:3)
  A bat (D:1)
  2 endoplasms
  3 giant cockroaches
  3 goblins (D:1)
  6 hobgoblins
  8 jackals (D:1)
  A quokka (D:1)
  4 ball pythons
  4 frilled lizards
  2 kobolds
  A rat (D:3)
40 creatures vanquished.

Notes
Turn   | Place    | Note
-------+----------+-------------------------------------------
     0 | D:1      | gobodom the Demonspawn Venom Mage began the quest for the
                  | Orb.
     0 | D:1      | Reached XP level 1. HP: 13/13 MP: 3/3
    82 | D:1      | Reached skill level 1 in Transmutations
   339 | D:1      | Gained mutation: You sometimes gain a little power by
                  | taking damage. [demonic ancestry]
   339 | D:1      | Reached XP level 2. HP: 6/19 MP: 0/5
  1103 | D:1      | Found a faded altar of an unknown god.
  1689 | D:1      | Gained mutation: Your touch may inflict minor irresistible
                  | damage on your foes. [demonic ancestry]
  1689 | D:1      | Reached XP level 3. HP: 24/24 MP: 4/6
  1713 | D:1      | Found Qoxkeo's Assorted Antiques.
  2649 | D:2      | Learned a level 2 spell: Poisonous Vapours
  3006 | D:3      | Learned a level 2 spell: Blink
  3225 | D:3      | Gained mutation: Your touch may inflict irresistible damage
                  | on your foes. [demonic ancestry]
  3225 | D:3      | Reached XP level 4. HP: 14/30 MP: 3/8
  3281 | D:3      | Killed from afar by an orc wizard

Illustrated notes

Levels and vault maps discovered:
D:1:      psy_arrival_heroes, layout_loops_corners, serial_shops, shop,
          shapermc_ecumenical_altar_pompeii
D:2:      layout_loops_ring, kennysheep_generic_room_4
D:3:      layout_loops_cross

Skill      XL: |  1  2  3 |
---------------+----------+-----
Transmutations | 1 |  1.4
Stealth        | 2 |  2.3
Dodging        | 2 |  2.0
Short Blades   | |  0.4
Spellcasting   | |  2.6
Poison Magic   | |  3.9

Action                   |  1- 3 |  4- 6 || total
-------------------------+-------+-------++-------
Melee: Unarmed           |    18 |       ||    18
       Dagger            |    76 |     4 ||    80
       Touch             |     5 |       ||     5
       Punch             |     1 |       ||     1
 Cast: Sting             |    56 |     3 ||    59
  Use: Scroll            |     2 |     1 ||     3
 Stab: Sleeping          |     3 |       ||     3
Armor: Robe              |    20 |     2 ||    22
Dodge: Dodged            |    67 |     2 ||    69
